 Dungeon Sprint DCSS version 0.22-a0-433-gd2a9cce (webtiles) character file.

136 jerryfan the Sharpshooter (level 8, -13/54 HPs)
             Began as a Kobold Hunter on May 27, 2018.
             Shot with a bolt by a naga sharpshooter (19 damage)
             ... in the Dungeon (Sprint VI: "Thunderdome").
             The game lasted 00:10:07 (686 turns).

jerryfan the Sharpshooter (Kobold Hunter)            Turns: 686, Time: 00:10:08

Health: -13/54     AC:  3    Str: 19    XL:     8   Next: 4%
Magic:  8/8        EV: 20    Int: 12    God:
Gold:   300        SH:  0    Dex: 18    Spells: 7/7 levels left

rFire    . . .     SeeInvis .   a - +1 hand crossbow
rCold    x . .     Gourm    .   (shield restricted)
rNeg     + . .     Faith    .   c - +0 leather armour
rPois    .         Spirit   .   (no helmet)
rElec    +         Reflect  .   (no cloak)
rCorr    +         Harm     .   (no gloves)
MR       .....     NoTele   +   (no boots)
Stlth    ++........             (no amulet)
HPRegen  0.18/turn              p - ring of Xom's Sleight of Hands {rN+ Str+2}
MPRegen  0.11/turn              q - ring "Asaocokh" {rCorr *Drain rElec rC- Str+8}

@: no status effects
A: small, carnivore
a: no special abilities


You were in the Dungeon.
You were very full.

You visited 1 branch You collected 390 gold pieces.
You spent 90 gold pieces at shops.

Inventory:

Hand Weapons
 a - a +1 hand crossbow (weapon)
 b - a +0 short sword
 j - a +1 short sword of distortion
Missiles
 d - 7 bolts (quivered)
Armour
 c - a +0 leather armour (worn)
Jewellery
 p - the ring of Xom's Sleight of Hands (left hand) {rN+ Str+2}
   (You bought it in a shop in the Dungeon)

   [ring of positive energy]

   It affects your strength (+2).
   It protects you from negative energy.
 q - the ring "Asaocokh" (right hand) {rCorr *Drain rElec rC- Str+8}
   (You bought it in a shop in the Dungeon)

   [ring of resist corrosion]

   It affects your strength (+8).
   It makes you vulnerable to cold.
   It insulates you from electricity.
   It causes draining when unequipped.
Wands
 m - a wand of acid (5)
 n - a wand of iceblast (5)
Scrolls
 k - 4 scrolls of blinking
 o - 2 scrolls of fog
Potions
 e - a potion of curing
 h - 2 potions of haste
 i - 2 potions of magic
Comestibles
 f - a ration


   Skills:
 + Level 7.8 Fighting
 + Level 2.3 Short Blades
 + Level 15.1 Crossbows
 + Level 3.5 Armour
 + Level 7.5 Dodging
 + Level 1.4 Stealth


You had 7 spell levels left.
You didn't know any spells.
Your spell library was empty.

Dungeon Overview and Level Annotations

Branches:
Dungeon (1/1)

Altars:
Cheibriados
Dithmenos
Fedhas
Gozag
Kikubaaqudgha
Makhleb
Okawaru
Qazlal
Ru
Sif Muna
Trog
Uskayaw
Vehumet
Wu Jian
Xom
Yredelemnul
Zin
The Shining One
Beogh
Jiyva
Lugonu

Shops:
D *[%??*?*:[((!!!!


Innate Abilities, Weirdness & Mutations

You are small and have problems with some larger weapons.
You are carnivorous and can eat meat at any time.


Message History

Okay, then.
Firing (i - inventory)
d - 8 bolts (quivered)
Press: ? - help, Shift-Dir - straight line, f/p - naga sharpshooter
Aim: a naga sharpshooter, wielding an arbalest (moderately wounded)
You shoot a bolt. The bolt hits the naga sharpshooter!
The naga sharpshooter is heavily wounded.
The naga sharpshooter gestures wildly while chanting.
The naga sharpshooter magically shoots a bolt.
The bolt hits you!
* * * LOW HITPOINT WARNING * * *
You feel much better.
The naga sharpshooter casts a spell.
The naga sharpshooter magically shoots a bolt.
The bolt hits you!!
Ouch! That really hurt!
* * * LOW HITPOINT WARNING * * *
As you read the scroll of fog, it crumbles to dust.
The scroll dissolves into smoke.
The naga sharpshooter shoots a bolt.
The bolt hits you!!
You die...

###)........##
#⌠N..%%...%..⌠
######.8.)%...%..8.
##∩_._..%...###.....
###∩........8.# #.8...
##..........%..###.....
#⌠..§.......###...###..
#⌠...§§§....# #.<.# #..
#⌠...§@§....###...###..
##...§§§.......###.....
###∩........8.# #.8...
##∩___......###.....
######.8.........8.
#⌠...........⌠
###.........##
#_........# #_......._#


You could see a naga sharpshooter.

Vanquished Creatures
  A rime drake (D)
  3 ice beasts (D)
  2 killer bees (D)
  A hound (D)
  4 worker ants (D)
  An adder (D)
  An adder simulacrum (D)
  A bat (D)
  A giant cockroach (D)
  A ball python (D)
  2 kobolds (D)
18 creatures vanquished.

Vanquished Creatures (others)
  5 kobolds (D)
5 creatures vanquished.

Grand Total: 23 creatures vanquished

Notes
Turn   | Place    | Note
-------+----------+-------------------------------------------
     0 | D        | jerryfan the Kobold Hunter began the quest for the Orb.
     0 | D        | Reached XP level 1. HP: 12/12 MP: 1/1
     3 | D        | Found a blossoming altar of Fedhas.
     3 | D        | Found a basalt altar of Yredelemnul.
     4 | D        | Found a shadowy altar of Dithmenos.
     5 | D        | Found an iron altar of Okawaru.
     5 | D        | Found a viscous altar of Jiyva.
     5 | D        | Round 1.
     6 | D        | Found a snail-covered altar of Cheibriados.
     6 | D        | Found a shimmering altar of Xom.
     7 | D        | Found an ancient bone altar of Kikubaaqudgha.
     7 | D        | Found a roughly hewn altar of Beogh.
     7 | D        | Found Vemas's Magic Scroll Shop.
     7 | D        | Found Orphees's Staff Store.
     8 | D        | Found Worastregg's Magic Scroll Shop.
     8 | D        | Found Zugor's Must-Have Magic.
    13 | D        | Reached skill level 5 in Crossbows
    19 | D        | Found Feunoz's Delicious Food.
    20 | D        | Found Zukunk's Jewellery.
    20 | D        | Found Vefi's Advanced Armour.
    20 | D        | Found a bloodstained altar of Trog.
    20 | D        | Found a burning altar of Makhleb.
    20 | D        | Found Axitziaf's Identification Station.
    28 | D        | Reached skill level 6 in Crossbows
    28 | D        | Reached XP level 2. HP: 12/18 MP: 2/2
    50 | D        | Bought a twitching ivory ring for 45 gold pieces
    50 | D        | Identified the ring of Xom's Sleight of Hands {rN+ Str+2} (You bought it in a shop in the Dungeon)
    51 | D        | Bought a fine pewter ring for 45 gold pieces
    51 | D        | Identified the ring "Asaocokh" {rCorr *Drain rElec rC- Str+8} (You bought it in a shop in the Dungeon)
    55 | D        | Found a stormy altar of Qazlal.
    73 | D        | Found a deep blue altar of Sif Muna.
    73 | D        | Found a hide-covered altar of Uskayaw.
   124 | D        | Found Uregroi's Premium Goods.
   125 | D        | Found Acos's Miscellaneous Merchandise.
   125 | D        | Found Oluafesh's Basic Armour.
   126 | D        | Found a corrupted altar of Lugonu.
   126 | D        | Found a glowing golden altar of the Shining One.
   126 | D        | Found Vuaqikhli's Weapon Rack.
   135 | D        | Found a sacrificial altar of Ru.
   136 | D        | Found a radiant altar of Vehumet.
   137 | D        | Found an ornate altar of the Wu Jian Council.
   138 | D        | Found Wasu Roh's Do-It-Yourself Clinic.
   138 | D        | Found a glowing silver altar of Zin.
   138 | D        | Found an opulent altar of Gozag.
   138 | D        | Found Cuzi's Distillery.
   139 | D        | Found Curorux's Bottled Wisdom.
   139 | D        | Found Plog's Distillery.
   161 | D        | Reached skill level 8 in Crossbows
   161 | D        | Reached XP level 3. HP: 9/23 MP: 3/3
   166 | D        | Arena points: 12 (+12) [x2]
   200 | D        | Round 2.
   203 | D        | Reached skill level 9 in Crossbows
   203 | D        | Reached XP level 4. HP: 28/28 MP: 4/4
   204 | D        | Reached skill level 10 in Crossbows
   204 | D        | Reached skill level 1 in Armour
   210 | D        | Reached XP level 5. HP: 33/33 MP: 5/5
   229 | D        | Reached skill level 11 in Crossbows
   247 | D        | Reached skill level 5 in Dodging
   272 | D        | Arena points: 54 (+42) [x3]
   272 | D        | Reached skill level 5 in Fighting
   272 | D        | Reached skill level 12 in Crossbows
   272 | D        | Reached XP level 6. HP: 19/40 MP: 6/6
   301 | D        | Round 3.
   330 | D        | Noticed an ice beast
   336 | D        | Killed an ice beast
   336 | D        | Reached skill level 13 in Crossbows
   433 | D        | Noticed an ice beast
   449 | D        | Noticed an ice beast
   464 | D        | Noticed a rime drake
   468 | D        | Killed an ice beast
   468 | D        | Reached XP level 7. HP: 42/47 MP: 7/7
   474 | D        | Killed a rime drake
   474 | D        | Reached skill level 14 in Crossbows
   480 | D        | Reached skill level 15 in Crossbows
   480 | D        | Reached XP level 8. HP: 35/54 MP: 8/8
   490 | D        | Arena points: 72 (+18) [x1]
   503 | D        | Round 4.
   530 | D        | Arena points: 136 (+64) [x2]
   594 | D        | Round 5.
   678 | D        | Noticed a naga sharpshooter
   686 | D        | Shot with a bolt by a naga sharpshooter

Vault maps used:
D:        arena_sprint

Skill      XL: |  1  2  3  4  5  6  7 |
---------------+----------------------+-----
Crossbows      | 6 8 9 10 12 13 15 | 15.1
Dodging        | 3 4 5 6 7 |  7.5
Fighting       | 3 4 5 6 7 |  7.8
Armour         | 1 2 3 |  3.5
Short Blades   | 2 |  2.3
Stealth        | |  1.4

Action                   |  1- 3 |  4- 6 |  7- 9 || total
-------------------------+-------+-------+-------++-------
Melee: Short sword       |       |     5 |    18 ||    23
 Fire: Hand crossbow     |    27 |    40 |     7 ||    74
  Use: Potion            |     1 |     4 |     3 ||     8
       Scroll            |       |       |     1 ||     1
  Eat: Chunk             |     6 |       |       ||     6
Armor: Leather armour    |     6 |     5 |     1 ||    12
Dodge: Dodged            |    16 |    23 |    18 ||    57

Table legend:
 A = Spawn XP
 B = Non-spawn XP
 C = Spawn XP percentage of total XP
 D = Spawn monster count
 E = Non-spawn monster count
 F = Spawn count percentage of total count
 G = Total turns spent on level
                    A         B        C        D         E        F      G
               +---------+---------+-------+---------+---------+-------+---------
         Total |       0 |    1055 |   0.0 |       0 |      18 |   0.0 |   686
               +---------+---------+-------+---------+---------+-------+---------
             D |       0 |    1055 |   0.0 |       0 |      18 |   0.0 |   686
               +---------+---------+-------+---------+---------+-------+---------
